 Dungeon Crawl Stone Soup version 0.32-a0-42-ga30500b4d3 (webtiles) character file.

Game seed: 14502073445106658513

5442 Mesmaeker13 the Fighter (level 10, -1/111 HPs)
             Began as an Oni Berserker on Jan 30, 2024.
             Was a Priest of Trog.
             Slain by a komodo dragon (6 damage)
             ... on level 8 of the Dungeon.
             The game lasted 00:12:47 (7316 turns).

Mesmaeker13 the Fighter (Oni Berserker)             Turns: 7316, Time: 00:12:47

Health: -1/111     AC:  6    Str: 25    XL:     10   Next: 68%
Magic:  10/10      EV: 11    Int: 10    God:    Trog [***...]
Gold:   369        SH:  0    Dex:  8    Spells: 9/9 levels left

rFire   + . .        I - +2 dire flail (protect)
rCold   . . .        (shield currently unavailable)
rNeg    . . .        j - +0 steam dragon scales
rPois   .            (helmet restricted)
rElec   .            (no cloak)
rCorr   .            (gloves unavailable)
SInv    .            (boots unavailable)
Will    ++++.        (no amulet)
Stlth   +            f - ring of protection from fire
HPRegen 1.38/turn    M - ring of willpower
MPRegen 0.12/turn

%: no passive effects
@: about to teleport, strong-willed, on berserk cooldown, regenerating, slowed,
very slow
A: large, unfitting armour, horns 1, tough skin 1, double potion healing,
drunken brawling
a: Renounce Religion, Berserk, Trog's Hand


You were on level 8 of the Dungeon.
You worshipped Trog.
Trog was most pleased with you.
You visited 1 branch of the dungeon, and saw 8 of its levels.
You also visited: Sewer.

You collected 417 gold pieces.
You spent 48 gold pieces at shops.

Inventory:

Hand Weapons
 a - a +0 giant spiked club
 d - a +1 glaive of flaming
 I - a +2 dire flail of protection (weapon)
 N - a +0 giant club
 P - a +4 trident of draining
Missiles
 c - 85 stones
 e - 7 poisoned darts (quivered)
Armour
 j - +0 steam dragon scales (worn)
Jewellery
 f - a ring of protection from fire (left hand)
 r - a ring of protection from fire
 F - the ring of the Heavens {Wiz rC+}
   (You found it on level 7 of the Dungeon)

   [ring of wizardry]

   Wiz:       It improves your spell success rate.
   rC+:       It protects you from cold.
 M - a ring of willpower (right hand)
Wands
 J - a wand of flame (6)
Scrolls
 b - a scroll of immolation
 g - 2 scrolls of noise
 i - 2 scrolls of teleportation
 l - a scroll of summoning {unknown}
 o - a scroll of brand weapon {unknown}
 s - 3 scrolls of amnesia {unknown}
 t - a scroll of torment {unknown}
 u - 2 scrolls of vulnerability
 v - a scroll of enchant armour {unknown}
 w - 2 scrolls of fog
 y - 2 scrolls of fear {unknown}
 G - a scroll of acquirement {unknown}
 K - a scroll of silence {unknown}
 L - a scroll of poison
Potions
 h - a potion of mutation {unknown}
 k - a potion of curing
 p - a potion of haste {unknown}
 q - a potion of ambrosia {unknown}
 x - 3 potions of heal wounds {unknown}
 z - a potion of cancellation {unknown}
 A - 2 potions of berserk rage
 B - a potion of attraction {unknown}
 D - a potion of enlightenment {unknown}
 E - a potion of brilliance {unknown}


   Skills:
 + Level 10.7 Fighting
 + Level 8.3 Maces & Flails
 + Level 7.2 Throwing
 + Level 7.5 Dodging
 + Level 2.8 Evocations


You had 9 spell levels left.
You didn't know any spells.
Your spell library was empty.

Dungeon Overview and Level Annotations

Branches:
Dungeon (8/15)             Temple (0/1) D:7           Sewer (visited)
   Lair: D:8-11

Altars:
Dithmenos
Elyvilon
Fedhas
Kikubaaqudgha
Makhleb
Nemelex Xobeh
Okawaru
Qazlal
Ru
Wu Jian
Xom
Zin
The Shining One

Shops:
D:8 (?


Innate Abilities, Weirdness & Mutations

You are too large for most types of armour.
You have a pair of small horns on your head.
You have tough skin. (AC +1)
You gain doubled healing and magic from potions.
Whenever you drink a healing potion, you attack all around you.


Message History

The komodo dragon closely misses you.
You hit the komodo dragon. You headbutt the komodo dragon.
The komodo dragon is severely wounded.
The komodo dragon bites you.
The komodo dragon bites you but does no damage.
You closely miss the komodo dragon.
The komodo dragon is severely wounded.
The komodo dragon bites you but does no damage.
You barely miss the komodo dragon. Your headbutt misses the komodo dragon.
The komodo dragon is severely wounded.
The komodo dragon bites you!
You hit the komodo dragon. You headbutt the komodo dragon.
The komodo dragon is severely wounded.
The komodo dragon bites you!!
* * * LOW HITPOINT WARNING * * *
The komodo dragon bites you.
* * * LOW HITPOINT WARNING * * *
You barely miss the komodo dragon.
The komodo dragon is severely wounded.
The komodo dragon bites you!
* * * LOW HITPOINT WARNING * * *
Unknown command.
You take a swig of the potion and twirl your +2 dire flail of protection.
You closely miss the komodo dragon. Your headbutt misses the komodo dragon.
The komodo dragon is severely wounded.
You savour every drop.
You feel better. The komodo dragon bites you!
* * * LOW HITPOINT WARNING * * *
The komodo dragon misses you.
Unknown command.
You closely miss the komodo dragon.
The komodo dragon is severely wounded.
The komodo dragon bites you.
* * * LOW HITPOINT WARNING * * *
Unknown command.
Unknown command.
As you read the scroll of teleportation, it crumbles to dust.
You feel strangely unstable. The komodo dragon bites you!
* * * LOW HITPOINT WARNING * * *
The komodo dragon bites you.
You die...

########## #...Yl@..####
..P...F$###.(..# ........F
####.# P......... #.#
........... #!# ###
............##.###.### #
.....................# ..
....................###...
.............∩.....


You could see a komodo dragon, a yak and a bullfrog.

Vanquished Creatures
  A two-headed ogre (D:8)
  Pikel (D:4)
  Maggie (D:8)
  Jeremiah (D:6)
  Grinder (D:4)
  A steam dragon (D:7)
  3 yaks (D:8)
  Menkaure (D:6)
  Edmund (D:6)
  3 water moccasins (D:8)
  A sky beast (D:8)
  3 orc warriors
  An ogre (D:4)
  Pargi (Sewer)
  A black bear (D:8)
  3 centaurs
  A phantom (D:5)
  A lemure (D:4)
  A brain worm (Sewer)
  Blork the orc (D:6)
  4 bullfrogs
  4 scorpions
  3 wights (D:7)
  4 bombardier beetles
  4 hounds
  A gnoll bouda (D:7)
  2 orc priests
  3 sleepcaps (D:6)
  2 iguanas (D:5)
  3 orc wizards
  6 adders
  5 gnolls
  A shadow imp (D:7)
  A white imp (D:5)
  2 ufetubi (D:5)
  3 ribbon worms
  6 dart slugs
  17 orcs
  7 ball pythons
  13 bats
  8 endoplasms
  6 goblins
  5 hobgoblins
  7 kobolds
  5 quokkas
  4 frilled lizards
  6 rats
160 creatures vanquished.

Notes
Turn   | Place    | Note
-------+----------+-------------------------------------------
     0 | D:1      | Mesmaeker13 the Oni Berserker began the quest for the Orb.
     0 | D:1      | Reached XP level 1. HP: 24/24 MP: 1/1
   148 | D:1      | Reached XP level 2. HP: 30/32 MP: 2/2
   311 | D:1      | Reached XP level 3. HP: 40/40 MP: 3/3
   893 | D:2      | Found a shimmering altar of Xom.
  1078 | D:2      | Reached skill level 5 in Fighting
  1078 | D:2      | Reached XP level 4. HP: 35/50 MP: 4/4
  1326 | D:2      | Reached ** piety under Trog
  1538 | D:2      | Identified the +9 short sword of the Spectre {venom, *Slow
                  | Str+7}
  1698 | D:3      | Reached skill level 1 in Throwing
  1698 | D:3      | Reached XP level 5. HP: 47/57 MP: 5/5
  1947 | D:3      | Identified the +10 dagger of the Mouth {freeze, Str+4
                  | Dex-4}
  1976 | D:3      | Found a faded altar of an unknown god.
  2287 | D:4      | Noticed Grinder
  2300 | D:4      | Paralysed by Grinder for 3 turns
  2306 | D:4      | Paralysed by Grinder for 3 turns
  2307 | D:4      | Killed Grinder
  2308 | D:4      | Reached skill level 6 in Fighting
  2308 | D:4      | Reached XP level 6. HP: 30/67 MP: 6/6
  2404 | D:4      | Reached XP level 7. HP: 54/76 MP: 7/7
  2603 | D:4      | Noticed Pikel
  2626 | D:4      | Killed Pikel
  2627 | D:4      | Reached skill level 7 in Fighting
  2627 | D:4      | Reached skill level 5 in Maces & Flails
  2627 | D:4      | Reached skill level 5 in Dodging
  2627 | D:4      | Reached XP level 8. HP: 46/87 MP: 8/8
  2854 | D:4      | Found a glowing silver altar of Zin.
  2882 | D:4      | Found a sparkling altar of Nemelex Xobeh.
  2883 | D:4      | Found a sacrificial altar of Ru.
  2885 | D:4      | Found a blossoming altar of Fedhas.
  2889 | D:4      | Found a shadowy altar of Dithmenos.
  2889 | D:4      | Found a stormy altar of Qazlal.
  2889 | D:4      | Found a white marble altar of Elyvilon.
  2890 | D:4      | Found an ancient bone altar of Kikubaaqudgha.
  2891 | D:4      | Found an iron altar of Okawaru.
  2974 | D:4      | Found a glowing golden altar of the Shining One.
  3021 | D:5      | Entered Level 5 of the Dungeon
  3836 | D:5      | Reached *** piety under Trog
  3905 | D:5      | Reached skill level 8 in Fighting
  3960 | D:5      | Found a burning altar of Makhleb.
  4426 | D:6      | Found a glowing drain.
  4430 | Sewer    | Entered a sewer
  4471 | Sewer    | Reached skill level 5 in Throwing
  4525 | Sewer    | Noticed Pargi
  4536 | Sewer    | Killed Pargi
  4537 | Sewer    | Reached XP level 9. HP: 97/97 MP: 9/9
  4607 | D:6      | Noticed Menkaure
  4612 | D:6      | Killed Menkaure
  4612 | D:6      | Noticed Edmund
  4620 | D:6      | Killed Edmund
  4940 | D:6      | Reached skill level 9 in Fighting
  5102 | D:6      | Noticed Blork the orc
  5115 | D:6      | Killed Blork the orc
  5627 | D:6      | Noticed Jeremiah
  5649 | D:6      | Killed Jeremiah
  5830 | D:6      | Found an ornate altar of the Wu Jian Council.
  5874 | D:7      | Found a staircase to the Ecumenical Temple.
  6067 | D:7      | Identified the ring of the Heavens {Wiz rC+}
  6191 | D:7      | Reached skill level 1 in Evocations
  6203 | D:7      | Reached **** piety under Trog
  6672 | D:8      | Noticed Maggie
  6689 | D:8      | Reached XP level 10. HP: 33/110 MP: 10/10
  6691 | D:8      | Killed Maggie
  6692 | D:8      | Reached skill level 10 in Fighting
  7010 | D:8      | Noticed a two-headed ogre
  7023 | D:8      | Killed a two-headed ogre
  7229 | D:8      | Found Ogyock's Weapon Shop.
  7238 | D:8      | Found Eczeef's Magic Scroll Emporium.
  7249 | D:8      | Bought a scroll of identify for 24 gold pieces
  7249 | D:8      | Bought a scroll of identify for 24 gold pieces
  7316 | D:8      | HP: 5/111 [komodo dragon (11)]
  7316 | D:8      | Slain by a komodo dragon

Illustrated notes

Levels and vault maps discovered:
D:1:      minmay_arrival_shattered_statue, layout_basic
D:2:      layout_rooms, basic_altar
D:3:      layout_rooms, shapermc_ecumenical_altar_petra
D:4:      layout_rooms, minitemple, zin_statuary, uniq_grinder, uniq_pikel
D:5:      layout_loops_ring, lightli_temple_of_fire
D:6:      layout_basic, pdpol_wu_jian_five_deadly_venoms, gup_sewer_entry_bowl,
          uniq_blork_the_orc, uniq_menkaure, uniq_jeremiah, uniq_edmund
D:7:      layout_basic, minmay_temple_entry_proselytizer, nicolae_the_louvre
D:8:      layout_rooms, due_lair_maze_entry_diamond, serial_shops, shop,
          nicolae_shop_peninsula, shop, uniq_maggie

Skill      XL: |  1  2  3  4  5  6  7  8  9 10 |
---------------+-------------------------------+-----
Dodging        | 3 4 5 6 7 |  7.5
Fighting       | 5 6 7 8 9 10 | 10.7
Throwing       | 1 2 4 5 6 7 |  7.2
Maces & Flails | 4 5 6 7 8 |  8.3
Evocations     | 1 2 |  2.8

Action                     |  1- 3 |  4- 6 |  7- 9 | 10-12 || total
---------------------------+-------+-------+-------+-------++-------
  Melee: Mace              |    94 |    21 |       |       ||   115
         Headbutt          |     8 |    15 |    43 |    16 ||    82
         Short sword       |       |    62 |   138 |       ||   200
         Punch             |       |     1 |       |       ||     1
         Dire flail        |       |       |   127 |    66 ||   193
         Giant spiked club |       |       |     9 |       ||     9
  Throw: Dart              |       |       |    12 |       ||    12
         Stone             |       |       |     5 |       ||     5
 Invoke: Berserk           |       |       |     5 |     4 ||     9
         Trog's Hand       |       |       |     1 |     1 ||     2
  Evoke: Wand              |       |       |    11 |     5 ||    16
    Use: Scroll            |       |     3 |     1 |     5 ||     9
         Potion            |       |     1 |     4 |     1 ||     6
   Stab: Sleeping          |     1 |     1 |       |       ||     2
         Invisible         |       |     1 |       |       ||     1
 Armour: Animal skin       |    69 |    46 |   202 |       ||   317
         Steam dragon scal |       |       |    47 |    58 ||   105
  Dodge: Dodged            |    51 |    41 |   164 |    32 ||   288

Table legend: (Time is in decaauts)
 A = Elapsed time spent in this place.
 B = Non-inter-level travel time spent in this place.
 C = Inter-level travel time spent in this place.
 D = Time resting spent in this place.
 E = Time spent auto-exploring this place.
 F = Levels seen in this place.
 G = Mean time per level.
                   A        B        C        D        E       F      G
               +--------+--------+--------+--------+--------+-----+--------+
         Total |   7401 |   7152 |    249 |    642 |   5046 |   9 |  822.3 |
       Dungeon |   7224 |   6975 |    249 |    600 |   4987 |   8 |  903.0 |
         Sewer |    176 |    176 |      0 |     42 |     59 |   1 |  176.0 |
               +--------+--------+--------+--------+--------+-----+--------+

Top non-repeatable levels by time:
     D:6: 1446 daAuts
     D:5: 1305 daAuts
     D:7: 1059 daAuts
     D:1: 908 daAuts
     D:4: 759 daAuts
     D:3: 701 daAuts
     D:2: 682 daAuts
     D:8: 361 daAuts
   Sewer: 176 daAuts
